[ PARTIDA AOE2 · #498130759 ]
UnrankedCoreanos vs Malians
[ ANÁLISIS DE REPETICIÓN · EXTRAÍDO DE LA PARTIDA GRABADA ]
Feudal
15:19
Castillos
26:23
Imperial
45:45
| APM promedio | 39.8 |
| APM pico | 77 |
| eAPM promedio | 23.0 |
| Aldeanos / militares | 148 / 218 |
Foco
⚔️ 19.2% · 🌾 80.8%
Archer ×138 · Spearman ×40 · Fishing Ship ×32 · Turtle Ship ×21 · Galley ×8 · Fire Galley ×4
Feudal
14:02
Castillos
19:51
Imperial
36:02
| APM promedio | 30.6 |
| APM pico | 60 |
| eAPM promedio | 16.6 |
| Aldeanos / militares | 149 / 348 |
Foco
⚔️ 27.8% · 🌾 72.2%
Knight ×127 · Scout Cavalry ×96 · Camel Scout ×91 · Gbeto ×19 · Fishing Ship ×12 · Spearman ×8
Feudal
14:59
Castillos
19:45
Imperial
35:13
| APM promedio | 14.7 |
| APM pico | 33 |
| eAPM promedio | 10.1 |
| Aldeanos / militares | 102 / 311 |
Foco
⚔️ 38.5% · 🌾 61.5%
Berserk ×233 · Archer ×65 · Fishing Ship ×17 · Trebuchet (Packed) ×13
Feudal
15:04
Castillos
22:34
Imperial
44:03
| APM promedio | 17.4 |
| APM pico | 36 |
| eAPM promedio | 13.2 |
| Aldeanos / militares | 234 / 340 |
Foco
⚔️ 50.6% · 🌾 49.4%
Spearman ×101 · Skirmisher ×78 · Archer ×45 · Fire Galley ×44 · Berserk ×35 · Fishing Ship ×21
Feudal
12:30
Castillos
23:52
Imperial
36:40
| APM promedio | 18.5 |
| APM pico | 52 |
| eAPM promedio | 12.7 |
| Aldeanos / militares | 140 / 587 |
Foco
⚔️ 36.2% · 🌾 63.8%
Scout Cavalry ×411 · Knight ×176 · Fishing Ship ×14
Feudal
17:34
Castillos
21:54
Imperial
30:52
| APM promedio | 36.0 |
| APM pico | 63 |
| eAPM promedio | 15.4 |
| Aldeanos / militares | 158 / 220 |
Foco
⚔️ 27.8% · 🌾 72.2%
Skirmisher ×100 · Conquistador ×72 · Fishing Ship ×52 · Hand Cannoneer ×28 · Bombard Cannon ×15 · Militia ×3
Feudal
14:52
Castillos
22:49
Imperial
53:27
| APM promedio | 20.0 |
| APM pico | 58 |
| eAPM promedio | 10.4 |
| Aldeanos / militares | 118 / 116 |
Foco
⚔️ 31.1% · 🌾 68.9%
Spearman ×57 · Hand Cannoneer ×36 · Knight ×22 · Fishing Ship ×16 · Demolition Raft ×1
Feudal
14:12
Castillos
19:16
Imperial
—
| APM promedio | 15.9 |
| APM pico | 57 |
| eAPM promedio | 9.5 |
| Aldeanos / militares | 89 / 49 |
Foco
⚔️ 23.4% · 🌾 76.6%
Rattan Archer ×24 · Fishing Ship ×16 · Fire Lancer ×15 · Cavalry Archer ×5 · Battering Ram ×3 · Mangonel ×2
Mapa de la partida
Recursos iniciales + cada clic de construcción. Líneas = muros · curvas = relieve. ◆ oro · ⬟ piedra · ● bayas · ✦ reliquia · ◌ hueco del cierre
Tu base· Abierta — flanco sin cerrar
Base de ASV· Abierta — hueco de 5t
Base de ★GGsorryGLnextime★· Abierta — hueco de 4t
Base de Faceless· Abierta — hueco de 4t
Base de Jum· Abierta — flanco sin cerrar
Base de peona· Abierta — flanco sin cerrar
Base de GADIR00th· Abierta — hueco de 11t
Base de Ricardo· Abierta — hueco de 13t
Terreno inicial suavizado · ◌ = hueco del cierre detectado · pasá el cursor para detalles
Inputs por minuto
— CDLP_Themachine - - ASV
Build order — CDLP_Themachine
Primeras 150 de 433 acciones detectadas
| 0:42 | Construir | House |
| 1:30 | Construir | Town Center |
| 1:56 | Construir | Dock |
| 3:51 | Encolar | Villager (Male) |
| 3:51 | Encolar | Villager (Male) |
| 3:51 | Encolar | Villager (Male) |
| 3:51 | Encolar | Villager (Male) |
| 3:52 | Encolar | Villager (Male) |
| 4:46 | Investigar | Loom |
| 5:22 | Encolar | Fishing Ship |
| 5:27 | Construir | House |
| 5:29 | Construir | House |
| 6:13 | Encolar | Fishing Ship |
| 6:14 | Encolar | Fishing Ship |
| 6:38 | Encolar | Fishing Ship |
| 6:47 | Encolar | Villager (Male) |
| 6:47 | Encolar | Villager (Male) |
| 7:32 | Encolar | Fishing Ship |
| 7:54 | Encolar | Villager (Male) |
| 7:55 | Encolar | Villager (Male) |
| 8:19 | Construir | House |
| 8:34 | Encolar | Villager (Male) |
| 8:34 | Encolar | Villager (Male) |
| 8:34 | Encolar | Villager (Male) |
| 8:38 | Encolar | Fishing Ship |
| 8:38 | Encolar | Fishing Ship |
| 8:53 | Encolar | Villager (Male) |
| 8:54 | Encolar | Villager (Male) |
| 9:39 | Encolar | Villager (Male) |
| 9:39 | Encolar | Villager (Male) |
| 9:40 | Encolar | Villager (Male) |
| 9:54 | Construir | Mill |
| 10:12 | Encolar | Villager (Male) |
| 10:12 | Encolar | Villager (Male) |
| 10:12 | Encolar | Villager (Male) |
| 10:20 | Construir | House |
| 11:07 | Construir | House |
| 11:10 | Construir | House |
| 11:19 | Encolar | Villager (Male) |
| 11:20 | Encolar | Villager (Male) |
| 11:20 | Encolar | Villager (Male) |
| 11:51 | Construir | Lumber Camp |
| 12:44 | Encolar | Villager (Male) |
| 12:45 | Encolar | Villager (Male) |
| 12:57 | Construir | Mining Camp |
| 13:08 | Investigar | Feudal Age |
| 13:22 | Construir | Dock |
| 13:49 | Encolar | Villager (Male) |
| 13:49 | Encolar | Villager (Male) |
| 13:50 | Encolar | Villager (Male) |
| 14:17 | Construir | Lumber Camp |
| 14:24 | Encolar | Villager (Male) |
| 14:24 | Encolar | Villager (Male) |
| 14:25 | Encolar | Villager (Male) |
| 14:25 | Encolar | Villager (Male) |
| 15:19 | Edad | Edad Feudal |
| 15:23 | Construir | Market |
| 15:32 | Investigar | Double-Bit Axe |
| 15:34 | Encolar | Villager (Male) |
| 15:34 | Encolar | Villager (Male) |
| 15:35 | Encolar | Villager (Male) |
| 15:35 | Encolar | Villager (Male) |
| 15:54 | Encolar | Galley |
| 16:04 | Investigar | Wheelbarrow |
| 16:17 | Encolar | Galley |
| 16:17 | Encolar | Galley |
| 16:45 | Construir | Blacksmith |
| 16:55 | Construir | Palisade Wall |
| 17:03 | Construir | Palisade Wall |
| 17:11 | Encolar | Galley |
| 17:16 | Encolar | Villager (Male) |
| 17:17 | Encolar | Villager (Male) |
| 17:17 | Encolar | Villager (Male) |
| 17:17 | Encolar | Villager (Male) |
| 17:17 | Encolar | Villager (Male) |
| 17:18 | Encolar | Villager (Male) |
| 17:42 | Construir | Palisade Wall |
| 17:49 | Construir | House |
| 17:59 | Encolar | Galley |
| 18:11 | Investigar | Tech 906 |
| 18:35 | Encolar | Galley |
| 18:36 | Encolar | Fishing Ship |
| 18:36 | Encolar | Fishing Ship |
| 18:40 | Encolar | Villager (Male) |
| 18:40 | Encolar | Villager (Male) |
| 18:41 | Encolar | Villager (Male) |
| 18:41 | Encolar | Villager (Male) |
| 18:41 | Encolar | Villager (Male) |
| 18:41 | Encolar | Villager (Male) |
| 18:41 | Encolar | Villager (Male) |
| 18:56 | Investigar | Gold Mining |
| 18:57 | Encolar | Villager (Male) |
| 18:57 | Encolar | Villager (Male) |
| 18:58 | Encolar | Villager (Male) |
| 18:58 | Encolar | Villager (Male) |
| 19:29 | Encolar | Galley |
| 19:29 | Encolar | Galley |
| 19:45 | Construir | Dock |
| 19:48 | Encolar | Fire Galley |
| 20:18 | Investigar | Fletching |
| 20:25 | Construir | Barracks |
| 20:36 | Construir | House |
| 20:43 | Encolar | Fire Galley ×2 |
| 20:45 | Encolar | Villager (Male) |
| 20:45 | Encolar | Villager (Male) |
| 20:45 | Encolar | Villager (Male) |
| 20:46 | Encolar | Villager (Male) |
| 20:47 | Encolar | Villager (Male) |
| 20:47 | Encolar | Villager (Male) |
| 20:47 | Encolar | Villager (Male) |
| 20:48 | Encolar | Villager (Male) |
| 20:48 | Encolar | Villager (Male) |
| 21:05 | Encolar | Fishing Ship |
| 21:05 | Encolar | Fishing Ship |
| 21:05 | Encolar | Fishing Ship |
| 21:12 | Construir | House |
| 21:12 | Construir | House |
| 21:13 | Construir | House |
| 21:33 | Encolar | Fire Galley |
| 21:37 | Encolar | Villager (Male) |
| 21:37 | Encolar | Villager (Male) |
| 21:55 | Construir | House |
| 21:56 | Construir | House |
| 21:57 | Construir | House |
| 22:07 | Construir | Fish Trap |
| 22:18 | Construir | Fish Trap |
| 22:21 | Encolar | Fishing Ship |
| 22:21 | Encolar | Fishing Ship |
| 22:23 | Encolar | Fishing Ship |
| 23:29 | Investigar | Castle Age |
| 23:45 | Construir | Fish Trap |
| 23:46 | Construir | Fish Trap |
| 23:47 | Construir | Fish Trap |
| 24:14 | Construir | Mining Camp |
| 24:19 | Construir | House |
| 24:21 | Construir | House |
| 24:22 | Construir | House |
| 24:23 | Construir | House |
| 24:29 | Construir | Palisade Wall |
| 24:30 | Construir | Palisade Wall |
| 24:39 | Encolar | Spearman |
| 24:39 | Encolar | Spearman |
| 24:55 | Construir | Archery Range |
| 25:07 | Construir | Palisade Wall |
| 25:44 | Construir | Archery Range |
| 25:46 | Construir | Archery Range |
| 26:23 | Edad | Edad de los Castillos |
| 26:25 | Construir | Town Center |
| 26:29 | Investigar | Bow Saw |
| 26:32 | Encolar | Villager (Male) |
Build order — ASV
Primeras 150 de 459 acciones detectadas
| 0:23 | Construir | Town Center |
| 2:22 | Construir | House |
| 2:23 | Construir | House |
| 2:41 | Encolar | Villager (Male) ×4 |
| 2:42 | Encolar | Villager (Male) ×4 |
| 2:46 | Investigar | Loom |
| 3:19 | Construir | Dock |
| 3:37 | Construir | House |
| 4:26 | Encolar | Fishing Ship |
| 5:16 | Encolar | Villager (Male) |
| 5:16 | Encolar | Villager (Male) |
| 5:48 | Encolar | Villager (Male) |
| 5:48 | Encolar | Villager (Male) |
| 6:03 | Encolar | Villager (Male) |
| 6:03 | Encolar | Villager (Male) |
| 6:04 | Encolar | Fishing Ship |
| 6:04 | Encolar | Fishing Ship |
| 6:25 | Encolar | Villager (Male) |
| 6:25 | Encolar | Villager (Male) |
| 6:41 | Construir | House |
| 6:57 | Encolar | Villager (Male) |
| 6:58 | Encolar | Villager (Male) |
| 6:59 | Encolar | Fishing Ship |
| 6:59 | Encolar | Fishing Ship |
| 7:34 | Encolar | Villager (Male) |
| 7:34 | Encolar | Villager (Male) |
| 7:34 | Encolar | Villager (Male) |
| 8:14 | Encolar | Fishing Ship |
| 8:14 | Encolar | Fishing Ship |
| 8:14 | Encolar | Fishing Ship |
| 8:46 | Encolar | Villager (Male) |
| 8:46 | Encolar | Villager (Male) |
| 8:46 | Encolar | Villager (Male) |
| 9:23 | Construir | House |
| 9:27 | Construir | House |
| 9:34 | Encolar | Villager (Male) |
| 9:42 | Encolar | Fishing Ship |
| 9:43 | Encolar | Fishing Ship |
| 10:01 | Construir | House |
| 10:03 | Construir | House |
| 10:07 | Construir | House |
| 10:13 | Construir | Palisade Wall |
| 10:14 | Construir | Palisade Wall |
| 10:52 | Encolar | Villager (Male) |
| 10:52 | Encolar | Villager (Male) |
| 11:28 | Construir | Lumber Camp |
| 11:52 | Investigar | Feudal Age |
| 11:52 | Investigar | Feudal Age |
| 13:01 | Construir | Mill |
| 13:14 | Encolar | Fishing Ship |
| 13:15 | Encolar | Fishing Ship |
| 13:59 | Encolar | Villager (Male) |
| 14:00 | Encolar | Villager (Male) |
| 14:00 | Encolar | Villager (Male) |
| 14:02 | Edad | Edad Feudal |
| 14:13 | Construir | Market |
| 14:22 | Encolar | Villager (Male) |
| 14:54 | Construir | Blacksmith |
| 14:55 | Construir | Blacksmith |
| 15:03 | Encolar | Villager (Male) |
| 15:43 | Construir | Barracks |
| 15:56 | Investigar | Tech 906 |
| 16:31 | Encolar | Villager (Male) |
| 17:12 | Investigar | Castle Age |
| 17:16 | Encolar | Spearman |
| 17:16 | Encolar | Spearman |
| 17:16 | Encolar | Spearman |
| 17:27 | Construir | Mining Camp |
| 17:40 | Construir | Mining Camp |
| 17:47 | Investigar | Horse Collar |
| 17:56 | Investigar | Double-Bit Axe |
| 18:15 | Investigar | Stone Mining |
| 18:16 | Investigar | Stone Mining |
| 19:02 | Encolar | Spearman |
| 19:51 | Edad | Edad de los Castillos |
| 19:58 | Encolar | Villager (Male) |
| 19:58 | Encolar | Villager (Male) |
| 19:58 | Encolar | Villager (Male) |
| 20:12 | Construir | Town Center |
| 20:45 | Investigar | Pikeman (upgrade) |
| 21:11 | Encolar | Villager (Male) |
| 21:11 | Encolar | Villager (Male) |
| 21:30 | Encolar | Villager (Male) |
| 21:30 | Encolar | Villager (Male) |
| 21:30 | Encolar | Villager (Male) |
| 21:38 | Construir | Farm |
| 21:40 | Construir | Farm |
| 21:42 | Construir | Farm |
| 21:43 | Construir | Farm |
| 22:12 | Construir | Castle |
| 22:22 | Encolar | Villager (Male) |
| 22:23 | Encolar | Villager (Male) |
| 22:23 | Encolar | Villager (Male) |
| 22:39 | Construir | Farm |
| 22:44 | Construir | Farm |
| 22:52 | Construir | Farm |
| 23:00 | Construir | Farm |
| 23:01 | Construir | Farm |
| 23:05 | Encolar | Villager (Male) |
| 23:49 | Construir | Farm |
| 23:51 | Construir | Farm |
| 23:52 | Construir | Farm |
| 24:00 | Construir | Farm |
| 24:02 | Construir | Farm |
| 24:07 | Encolar | Villager (Male) |
| 24:08 | Encolar | Villager (Male) |
| 24:10 | Encolar | Villager (Male) |
| 24:10 | Encolar | Villager (Male) |
| 24:10 | Encolar | Villager (Male) |
| 24:21 | Construir | House |
| 24:22 | Construir | House |
| 24:23 | Construir | House |
| 24:24 | Construir | House |
| 24:55 | Construir | Town Center |
| 24:58 | Encolar | Villager (Male) |
| 24:59 | Encolar | Villager (Male) |
| 25:00 | Encolar | Villager (Male) |
| 25:05 | Encolar | Gbeto |
| 25:05 | Encolar | Gbeto |
| 25:06 | Encolar | Gbeto |
| 25:14 | Investigar | Forging |
| 25:36 | Encolar | Villager (Male) |
| 25:37 | Encolar | Villager (Male) |
| 25:38 | Encolar | Villager (Male) |
| 25:50 | Construir | Farm |
| 25:51 | Construir | Farm |
| 25:52 | Construir | Farm |
| 25:57 | Encolar | Villager (Male) |
| 26:09 | Construir | House |
| 26:10 | Construir | House |
| 26:11 | Construir | House |
| 26:21 | Encolar | Gbeto |
| 26:21 | Encolar | Gbeto |
| 26:23 | Encolar | Gbeto |
| 26:23 | Encolar | Gbeto |
| 26:29 | Investigar | Iron Casting |
| 26:32 | Investigar | Scale Mail Armor |
| 26:40 | Encolar | Villager (Male) |
| 26:40 | Encolar | Villager (Male) |
| 26:46 | Investigar | Wheelbarrow |
| 27:02 | Encolar | Spearman |
| 27:02 | Encolar | Spearman |
| 27:14 | Encolar | Spearman |
| 27:14 | Encolar | Spearman |
| 27:37 | Encolar | Villager (Male) |
| 27:38 | Encolar | Villager (Male) |
| 27:42 | Encolar | Villager (Male) |
| 27:43 | Encolar | Villager (Male) |
| 27:58 | Construir | House |
| 27:59 | Construir | House |
Build order — ★GGsorryGLnextime★
Primeras 150 de 324 acciones detectadas
| 1:07 | Construir | Town Center |
| 3:10 | Investigar | Loom |
| 3:10 | Encolar | Villager (Male) |
| 3:11 | Encolar | Villager (Male) |
| 3:11 | Encolar | Villager (Male) |
| 3:11 | Encolar | Villager (Male) |
| 3:58 | Construir | House |
| 5:05 | Construir | Dock |
| 5:10 | Construir | House |
| 5:39 | Encolar | Villager (Male) |
| 5:48 | Encolar | Fishing Ship |
| 5:53 | Construir | House |
| 6:17 | Encolar | Fishing Ship |
| 6:40 | Encolar | Villager (Male) |
| 7:09 | Encolar | Fishing Ship |
| 7:13 | Encolar | Villager (Male) |
| 8:18 | Encolar | Villager (Male) |
| 8:25 | Encolar | Fishing Ship |
| 8:42 | Encolar | Villager (Male) |
| 8:50 | Encolar | Villager (Male) |
| 9:12 | Encolar | Fishing Ship |
| 9:27 | Encolar | Fishing Ship |
| 9:29 | Encolar | Villager (Male) |
| 9:29 | Encolar | Villager (Male) |
| 9:43 | Construir | House |
| 9:48 | Construir | House |
| 10:06 | Encolar | Villager (Male) |
| 10:25 | Construir | House |
| 10:28 | Encolar | Villager (Male) |
| 10:55 | Encolar | Fishing Ship |
| 11:13 | Construir | Mill |
| 11:15 | Encolar | Villager (Male) |
| 11:16 | Encolar | Villager (Male) |
| 11:21 | Encolar | Fishing Ship |
| 11:39 | Construir | Dock |
| 12:01 | Encolar | Villager (Male) |
| 12:01 | Encolar | Villager (Male) |
| 12:17 | Encolar | Fishing Ship |
| 12:29 | Encolar | Fishing Ship |
| 12:48 | Investigar | Feudal Age |
| 13:41 | Encolar | Fishing Ship |
| 13:47 | Encolar | Fishing Ship |
| 14:30 | Construir | House |
| 14:31 | Construir | House |
| 14:54 | Construir | Barracks |
| 14:59 | Edad | Edad Feudal |
| 15:03 | Encolar | Villager (Male) |
| 15:03 | Encolar | Villager (Male) |
| 15:05 | Encolar | Villager (Male) |
| 15:22 | Construir | Blacksmith |
| 15:59 | Construir | Archery Range |
| 16:10 | Encolar | Villager (Male) |
| 16:21 | Investigar | Tech 906 |
| 16:51 | Construir | Mining Camp |
| 17:05 | Investigar | Castle Age |
| 17:38 | Construir | Mining Camp |
| 18:13 | Investigar | Stone Mining |
| 18:24 | Construir | Lumber Camp |
| 19:31 | Investigar | Double-Bit Axe |
| 19:45 | Edad | Edad de los Castillos |
| 19:46 | Investigar | Gold Mining |
| 19:50 | Investigar | Town Watch |
| 20:29 | Construir | Castle |
| 20:37 | Encolar | Villager (Male) |
| 20:38 | Encolar | Villager (Male) |
| 20:38 | Encolar | Villager (Male) |
| 20:47 | Investigar | Gillnets |
| 20:54 | Investigar | Forging |
| 20:55 | Investigar | Scale Mail Armor |
| 20:58 | Investigar | Squires |
| 21:00 | Investigar | Gambesons |
| 21:00 | Investigar | Gambesons |
| 21:47 | Construir | Lumber Camp |
| 21:51 | Encolar | Villager (Male) |
| 21:52 | Encolar | Villager (Male) |
| 22:17 | Construir | Lumber Camp |
| 22:43 | Construir | Castle |
| 22:54 | Encolar | Villager (Male) |
| 22:54 | Encolar | Villager (Male) |
| 22:54 | Encolar | Villager (Male) |
| 23:23 | Construir | Dock |
| 23:30 | Encolar | Fishing Ship |
| 23:40 | Encolar | Villager (Male) |
| 23:43 | Investigar | Bow Saw |
| 24:07 | Construir | Mill |
| 24:11 | Encolar | Berserk |
| 24:11 | Encolar | Berserk |
| 24:11 | Encolar | Berserk |
| 24:12 | Encolar | Berserk |
| 24:12 | Encolar | Berserk |
| 24:13 | Encolar | Berserk |
| 24:13 | Encolar | Berserk |
| 24:15 | Encolar | Berserk |
| 24:35 | Encolar | Fishing Ship |
| 24:39 | Encolar | Fishing Ship |
| 24:52 | Construir | House |
| 24:53 | Construir | House |
| 24:55 | Construir | House |
| 25:01 | Encolar | Fishing Ship |
| 25:01 | Encolar | Fishing Ship |
| 25:27 | Construir | Mining Camp |
| 25:52 | Encolar | Villager (Male) ×5 |
| 25:56 | Investigar | Gold Shaft Mining |
| 26:02 | Investigar | Horse Collar |
| 26:34 | Encolar | Berserk |
| 26:35 | Encolar | Berserk |
| 26:35 | Encolar | Berserk |
| 26:36 | Encolar | Berserk |
| 27:06 | Encolar | Berserk |
| 27:06 | Encolar | Berserk |
| 27:06 | Encolar | Berserk |
| 27:08 | Encolar | Berserk |
| 27:13 | Investigar | Iron Casting |
| 27:16 | Investigar | Arson |
| 27:30 | Construir | Town Center |
| 27:34 | Encolar | Berserk |
| 27:34 | Encolar | Berserk |
| 27:39 | Encolar | Berserk |
| 27:40 | Encolar | Berserk |
| 27:58 | Investigar | Heavy Plow |
| 28:04 | Encolar | Villager (Male) |
| 28:04 | Encolar | Villager (Male) |
| 28:35 | Encolar | Villager (Male) ×5 |
| 29:01 | Investigar | Chain Mail Armor |
| 29:57 | Construir | Town Center |
| 30:11 | Investigar | Fletching |
| 30:23 | Construir | Farm |
| 30:24 | Construir | Farm |
| 30:25 | Construir | Farm |
| 30:27 | Construir | Farm |
| 30:28 | Construir | Farm |
| 30:30 | Construir | Farm |
| 30:31 | Construir | Farm |
| 30:32 | Construir | Farm |
| 32:01 | Investigar | Bodkin Arrow |
| 32:03 | Investigar | Imperial Age |
| 32:13 | Construir | Farm |
| 32:18 | Construir | Town Center |
| 33:59 | Investigar | Chieftains |
| 34:11 | Construir | Castle |
| 34:15 | Encolar | Berserk ×3 |
| 35:07 | Construir | Dock |
| 35:12 | Encolar | Berserk ×5 |
| 35:13 | Edad | Edad Imperial |
| 35:42 | Construir | University |
| 35:56 | Encolar | Berserk ×5 |
| 36:03 | Encolar | Berserk ×5 |
| 36:04 | Encolar | Berserk ×2 |
| 36:30 | Investigar | Murder Holes |
| 36:30 | Investigar | Murder Holes |
Build order — Faceless
Primeras 150 de 390 acciones detectadas
| 0:22 | Construir | Town Center |
| 0:30 | Construir | House |
| 0:31 | Construir | House |
| 2:20 | Construir | Dock |
| 2:49 | Encolar | Villager (Male) ×4 |
| 2:49 | Investigar | Loom |
| 4:52 | Encolar | Fishing Ship |
| 4:56 | Encolar | Villager (Male) |
| 5:32 | Encolar | Fishing Ship |
| 6:11 | Construir | Lumber Camp |
| 6:23 | Encolar | Villager (Male) |
| 6:45 | Encolar | Villager (Male) |
| 6:50 | Encolar | Villager (Male) |
| 7:12 | Encolar | Fishing Ship |
| 7:13 | Encolar | Villager (Male) |
| 7:20 | Construir | House |
| 7:22 | Construir | House |
| 7:25 | Construir | House |
| 8:18 | Encolar | Villager (Male) |
| 8:21 | Encolar | Fishing Ship |
| 8:22 | Encolar | Fishing Ship |
| 8:55 | Encolar | Fishing Ship |
| 9:22 | Encolar | Villager (Male) |
| 10:03 | Encolar | Villager (Male) |
| 10:04 | Encolar | Villager (Male) |
| 10:16 | Construir | Dock |
| 10:37 | Encolar | Villager (Male) |
| 11:17 | Encolar | Villager (Male) |
| 11:39 | Encolar | Fishing Ship |
| 11:39 | Encolar | Fishing Ship |
| 11:48 | Encolar | Fishing Ship |
| 12:04 | Encolar | Villager (Male) |
| 12:28 | Encolar | Villager (Male) |
| 12:45 | Investigar | Feudal Age |
| 12:56 | Construir | Barracks |
| 13:07 | Encolar | Fishing Ship |
| 13:12 | Construir | House |
| 14:00 | Construir | Mill |
| 14:06 | Encolar | Villager (Male) |
| 14:14 | Construir | Mining Camp |
| 14:23 | Encolar | Villager (Male) |
| 15:04 | Edad | Edad Feudal |
| 15:07 | Investigar | Double-Bit Axe |
| 15:10 | Investigar | Horse Collar |
| 15:33 | Investigar | Man-at-Arms (upgrade) |
| 15:39 | Encolar | Militia ×3 |
| 15:46 | Encolar | Villager (Male) |
| 16:04 | Construir | House |
| 16:06 | Construir | House |
| 16:07 | Construir | House |
| 16:19 | Encolar | Villager (Male) |
| 16:29 | Encolar | Fire Galley |
| 16:50 | Investigar | Man-at-Arms (upgrade) |
| 16:57 | Encolar | Villager (Male) |
| 16:59 | Encolar | Villager (Male) |
| 17:16 | Investigar | Tech 906 |
| 17:17 | Encolar | Fire Galley |
| 17:32 | Encolar | Villager (Male) |
| 17:46 | Encolar | Villager (Male) |
| 18:11 | Encolar | Villager (Male) |
| 18:41 | Construir | Blacksmith |
| 18:45 | Construir | Market |
| 18:47 | Encolar | Villager (Male) |
| 19:40 | Encolar | Fire Galley |
| 19:40 | Encolar | Fire Galley |
| 19:41 | Encolar | Unit 2626 |
| 19:41 | Encolar | Unit 2626 |
| 19:54 | Investigar | Castle Age |
| 21:09 | Construir | Stable |
| 21:35 | Encolar | Villager (Male) |
| 21:35 | Encolar | Villager (Male) |
| 21:48 | Construir | House |
| 21:49 | Construir | House |
| 21:50 | Construir | House |
| 22:14 | Encolar | Unit 2626 |
| 22:14 | Encolar | Unit 2626 |
| 22:24 | Construir | Lumber Camp |
| 22:34 | Edad | Edad de los Castillos |
| 23:21 | Investigar | War Galley (upgrade) |
| 23:49 | Encolar | Villager (Male) |
| 23:49 | Encolar | Villager (Male) |
| 23:57 | Encolar | Villager (Male) |
| 23:57 | Encolar | Villager (Male) |
| 24:24 | Construir | Town Center |
| 24:28 | Encolar | Villager (Male) |
| 24:56 | Encolar | Longboat |
| 24:56 | Encolar | Longboat |
| 25:01 | Encolar | Longboat |
| 25:03 | Investigar | Fletching |
| 25:15 | Encolar | Longboat |
| 26:03 | Encolar | Villager (Male) ×5 |
| 26:06 | Construir | Siege Workshop |
| 26:09 | Encolar | Villager (Male) ×5 |
| 26:14 | Construir | Town Center |
| 26:24 | Encolar | Villager (Male) ×5 |
| 26:32 | Investigar | Pikeman (upgrade) |
| 26:34 | Investigar | Squires |
| 26:56 | Encolar | Knight |
| 26:56 | Encolar | Knight |
| 26:57 | Encolar | Knight |
| 26:57 | Encolar | Knight |
| 27:07 | Encolar | Knight |
| 27:23 | Encolar | Villager (Male) ×5 |
| 27:43 | Investigar | Scale Barding Armor |
| 27:44 | Investigar | Forging |
| 27:44 | Investigar | Bodkin Arrow |
| 28:02 | Encolar | Villager (Male) |
| 29:13 | Encolar | Villager (Male) ×4 |
| 29:40 | Encolar | Villager (Male) ×3 |
| 29:55 | Construir | Dock |
| 29:58 | Construir | Dock |
| 30:02 | Construir | Dock |
| 30:18 | Encolar | Villager (Male) |
| 30:18 | Encolar | Villager (Male) |
| 30:24 | Encolar | Battering Ram |
| 30:24 | Encolar | Battering Ram |
| 30:28 | Encolar | Spearman |
| 30:28 | Encolar | Spearman |
| 30:37 | Construir | Farm |
| 30:38 | Construir | Farm |
| 30:39 | Construir | Farm |
| 30:40 | Construir | Farm |
| 30:46 | Construir | Farm |
| 30:47 | Construir | Farm |
| 30:47 | Construir | Farm |
| 30:48 | Construir | Farm |
| 30:48 | Construir | Farm |
| 30:55 | Construir | Farm |
| 31:22 | Encolar | Knight ×2 |
| 31:45 | Encolar | Fishing Ship ×5 |
| 32:02 | Encolar | Fishing Ship ×5 |
| 32:05 | Encolar | Fishing Ship |
| 32:05 | Investigar | Gillnets |
| 32:10 | Encolar | Villager (Male) |
| 32:14 | Construir | House |
| 32:16 | Construir | House |
| 32:20 | Construir | House |
| 32:21 | Construir | House |
| 32:21 | Construir | House |
| 32:24 | Construir | Mining Camp |
| 32:49 | Encolar | Spearman ×5 |
| 32:49 | Encolar | Spearman ×5 |
| 32:56 | Construir | House |
| 32:58 | Construir | House |
| 32:59 | Construir | House |
| 33:00 | Construir | House |
| 33:02 | Construir | House |
| 33:23 | Encolar | Knight ×2 |
| 33:51 | Encolar | Villager (Male) ×2 |
| 34:33 | Construir | Barracks |
Build order — Jum
Primeras 150 de 515 acciones detectadas
| 0:31 | Construir | Town Center |
| 1:53 | Construir | House |
| 2:47 | Encolar | Villager (Male) |
| 2:48 | Encolar | Villager (Male) |
| 2:48 | Encolar | Villager (Male) |
| 2:48 | Encolar | Villager (Male) |
| 4:16 | Encolar | Villager (Male) |
| 4:31 | Encolar | Villager (Male) |
| 4:44 | Construir | Dock |
| 4:49 | Construir | House |
| 4:53 | Encolar | Villager (Male) |
| 4:54 | Encolar | Villager (Male) |
| 5:22 | Encolar | Villager (Male) |
| 5:23 | Encolar | Villager (Male) |
| 5:46 | Encolar | Villager (Male) |
| 6:15 | Encolar | Fishing Ship |
| 6:19 | Encolar | Villager (Male) |
| 6:35 | Encolar | Villager (Male) |
| 6:46 | Construir | House |
| 7:20 | Encolar | Fishing Ship |
| 7:39 | Investigar | Loom |
| 7:50 | Encolar | Villager (Male) |
| 8:14 | Encolar | Fishing Ship |
| 8:16 | Encolar | Villager (Male) |
| 8:16 | Encolar | Villager (Male) |
| 8:16 | Encolar | Villager (Male) |
| 8:39 | Encolar | Villager (Male) |
| 8:40 | Encolar | Villager (Male) |
| 8:40 | Encolar | Villager (Male) |
| 9:15 | Construir | Mill |
| 9:51 | Encolar | Villager (Male) |
| 10:20 | Investigar | Feudal Age |
| 10:25 | Encolar | Fishing Ship |
| 10:46 | Encolar | Fishing Ship |
| 11:16 | Construir | House |
| 11:19 | Construir | House |
| 11:31 | Construir | Mill |
| 11:42 | Encolar | Fishing Ship |
| 12:18 | Encolar | Villager (Male) |
| 12:19 | Encolar | Villager (Male) |
| 12:21 | Encolar | Fishing Ship |
| 12:30 | Edad | Edad Feudal |
| 12:57 | Encolar | Villager (Male) |
| 13:03 | Construir | Barracks |
| 13:26 | Encolar | Fishing Ship |
| 13:48 | Encolar | Villager (Male) |
| 14:08 | Construir | Mining Camp |
| 14:09 | Encolar | Villager (Male) |
| 14:25 | Encolar | Fishing Ship |
| 14:42 | Encolar | Villager (Male) |
| 14:54 | Encolar | Villager (Male) |
| 15:07 | Encolar | Villager (Male) |
| 15:17 | Encolar | Fishing Ship |
| 15:38 | Construir | Mill |
| 15:41 | Encolar | Villager (Male) |
| 15:47 | Encolar | Fishing Ship |
| 15:54 | Investigar | Tech 906 |
| 16:01 | Encolar | Villager (Male) |
| 16:33 | Construir | Stable |
| 16:39 | Encolar | Villager (Male) |
| 16:50 | Encolar | Fishing Ship |
| 17:08 | Encolar | Villager (Male) |
| 17:18 | Construir | Blacksmith |
| 17:23 | Encolar | Villager (Male) |
| 17:35 | Investigar | Bloodlines |
| 17:36 | Encolar | Scout Cavalry |
| 17:36 | Encolar | Scout Cavalry |
| 17:39 | Encolar | Villager (Male) |
| 17:47 | Encolar | Fishing Ship |
| 17:53 | Construir | Farm |
| 18:29 | Construir | House |
| 18:30 | Construir | House |
| 18:34 | Encolar | Villager (Male) |
| 18:38 | Investigar | Wheelbarrow |
| 18:39 | Encolar | Scout Cavalry |
| 19:05 | Construir | Farm |
| 19:07 | Encolar | Villager (Male) |
| 19:19 | Investigar | Gold Mining |
| 19:23 | Encolar | Scout Cavalry |
| 19:23 | Encolar | Scout Cavalry |
| 19:25 | Encolar | Scout Cavalry |
| 19:27 | Encolar | Scout Cavalry |
| 19:28 | Encolar | Scout Cavalry |
| 19:40 | Investigar | Scale Barding Armor |
| 19:42 | Investigar | Forging |
| 19:49 | Investigar | Horse Collar |
| 20:05 | Encolar | Villager (Male) |
| 20:15 | Construir | Dock |
| 20:47 | Encolar | Villager (Male) |
| 21:01 | Construir | House |
| 21:01 | Construir | House |
| 21:01 | Construir | House |
| 21:01 | Construir | House |
| 21:07 | Investigar | Castle Age |
| 21:12 | Encolar | Scout Cavalry |
| 21:29 | Encolar | Fishing Ship |
| 21:43 | Construir | Stable |
| 21:49 | Investigar | Stone Mining |
| 22:04 | Construir | Farm |
| 22:07 | Construir | House |
| 22:07 | Construir | House |
| 22:07 | Construir | House |
| 22:07 | Construir | House |
| 22:08 | Construir | House |
| 22:08 | Construir | House |
| 22:08 | Construir | House |
| 22:27 | Construir | Farm |
| 22:41 | Construir | Mill |
| 22:58 | Encolar | Scout Cavalry |
| 23:00 | Encolar | Scout Cavalry |
| 23:11 | Construir | Lumber Camp |
| 23:48 | Encolar | Villager (Male) |
| 23:49 | Encolar | Villager (Male) |
| 23:52 | Edad | Edad de los Castillos |
| 23:54 | Investigar | Light Cavalry (upgrade) |
| 23:57 | Investigar | Husbandry |
| 24:01 | Investigar | Chain Barding Armor |
| 24:02 | Investigar | Iron Casting |
| 24:22 | Construir | Town Center |
| 24:27 | Construir | Farm |
| 24:45 | Investigar | Double-Bit Axe |
| 25:01 | Encolar | Villager (Male) |
| 25:01 | Encolar | Villager (Male) |
| 25:02 | Encolar | Villager (Male) |
| 25:25 | Encolar | Villager (Male) |
| 25:36 | Construir | Farm |
| 25:48 | Investigar | Stone Shaft Mining |
| 26:14 | Encolar | Villager (Male) |
| 26:18 | Encolar | Villager (Male) |
| 26:18 | Encolar | Villager (Male) |
| 26:19 | Encolar | Villager (Male) |
| 26:19 | Encolar | Villager (Male) |
| 26:37 | Encolar | Villager (Male) |
| 26:37 | Encolar | Villager (Male) |
| 27:08 | Encolar | Villager (Male) |
| 27:08 | Encolar | Villager (Male) |
| 27:11 | Construir | Farm |
| 27:12 | Construir | Farm |
| 27:12 | Construir | Farm |
| 27:24 | Construir | Castle |
| 27:45 | Encolar | Villager (Male) |
| 27:45 | Encolar | Villager (Male) |
| 27:49 | Encolar | Scout Cavalry |
| 27:49 | Encolar | Scout Cavalry |
| 27:50 | Encolar | Scout Cavalry |
| 27:51 | Encolar | Scout Cavalry |
| 27:52 | Encolar | Scout Cavalry |
| 27:52 | Encolar | Scout Cavalry |
| 28:09 | Encolar | Villager (Male) |
| 28:09 | Encolar | Villager (Male) |
Build order — peona
Primeras 150 de 528 acciones detectadas
| 0:47 | Construir | Town Center |
| 2:18 | Construir | House |
| 3:06 | Encolar | Villager (Male) |
| 3:06 | Encolar | Villager (Male) |
| 3:33 | Encolar | Villager (Male) |
| 3:34 | Encolar | Villager (Male) |
| 4:33 | Encolar | Villager (Male) |
| 5:07 | Encolar | Villager (Male) |
| 5:20 | Construir | House |
| 5:38 | Encolar | Villager (Male) |
| 6:09 | Encolar | Villager (Male) |
| 6:23 | Encolar | Villager (Male) |
| 6:58 | Encolar | Villager (Male) |
| 7:16 | Construir | House |
| 7:23 | Encolar | Villager (Male) |
| 7:51 | Encolar | Villager (Male) |
| 7:51 | Encolar | Villager (Male) |
| 8:20 | Construir | Dock |
| 8:24 | Encolar | Villager (Male) |
| 8:37 | Encolar | Villager (Male) |
| 8:49 | Construir | Lumber Camp |
| 8:59 | Encolar | Fishing Ship |
| 8:59 | Encolar | Fishing Ship |
| 9:22 | Construir | House |
| 9:29 | Construir | House |
| 9:34 | Encolar | Villager (Male) |
| 9:35 | Encolar | Villager (Male) |
| 9:49 | Encolar | Fishing Ship |
| 10:05 | Encolar | Villager (Male) |
| 10:31 | Encolar | Villager (Male) |
| 10:36 | Encolar | Fishing Ship |
| 10:37 | Encolar | Fishing Ship |
| 10:52 | Construir | House |
| 10:54 | Encolar | Villager (Male) |
| 11:07 | Construir | Lumber Camp |
| 11:10 | Encolar | Villager (Male) |
| 11:39 | Encolar | Fishing Ship |
| 12:01 | Encolar | Villager (Male) |
| 12:01 | Encolar | Villager (Male) |
| 12:28 | Construir | Dock |
| 12:31 | Construir | House |
| 12:34 | Encolar | Villager (Male) |
| 12:35 | Encolar | Villager (Male) |
| 12:43 | Construir | Mining Camp |
| 12:53 | Construir | Mill |
| 12:59 | Encolar | Villager (Male) |
| 13:02 | Encolar | Fishing Ship |
| 13:02 | Encolar | Fishing Ship |
| 13:24 | Encolar | Villager (Male) |
| 13:24 | Encolar | Villager (Male) |
| 13:29 | Encolar | Fishing Ship |
| 13:29 | Encolar | Fishing Ship |
| 13:44 | Construir | House |
| 13:47 | Construir | House |
| 13:50 | Encolar | Villager (Male) |
| 14:18 | Encolar | Fishing Ship |
| 14:18 | Encolar | Fishing Ship |
| 14:20 | Encolar | Fishing Ship |
| 14:23 | Encolar | Villager (Male) |
| 14:39 | Investigar | Loom |
| 15:03 | Investigar | Feudal Age |
| 15:05 | Encolar | Fishing Ship |
| 15:06 | Encolar | Fishing Ship |
| 15:14 | Construir | House |
| 15:22 | Construir | Palisade Wall |
| 15:26 | Encolar | Villager (Male) |
| 15:33 | Encolar | Fishing Ship |
| 15:40 | Construir | Lumber Camp |
| 15:52 | Construir | House |
| 15:56 | Encolar | Fishing Ship |
| 16:10 | Encolar | Fishing Ship |
| 16:10 | Encolar | Fishing Ship |
| 16:13 | Encolar | Villager (Male) |
| 16:44 | Construir | Palisade Gate |
| 17:00 | Encolar | Fishing Ship |
| 17:00 | Encolar | Fishing Ship |
| 17:03 | Construir | House |
| 17:04 | Construir | House |
| 17:10 | Encolar | Fishing Ship |
| 17:34 | Edad | Edad Feudal |
| 17:35 | Investigar | Tech 906 |
| 17:43 | Encolar | Villager (Male) |
| 17:45 | Investigar | Double-Bit Axe |
| 17:52 | Construir | Market |
| 18:08 | Construir | Blacksmith |
| 18:12 | Construir | Stone Wall |
| 18:24 | Construir | Gate |
| 18:29 | Encolar | Villager (Male) |
| 18:29 | Encolar | Villager (Male) |
| 18:44 | Construir | Mining Camp |
| 19:03 | Investigar | Castle Age |
| 19:15 | Construir | Dock |
| 19:32 | Investigar | Stone Mining |
| 19:33 | Investigar | Gold Mining |
| 19:45 | Construir | Lumber Camp |
| 20:02 | Encolar | Fishing Ship |
| 20:02 | Encolar | Fishing Ship |
| 20:02 | Encolar | Fishing Ship |
| 20:02 | Encolar | Fishing Ship |
| 20:13 | Construir | House |
| 20:19 | Construir | Outpost |
| 20:39 | Construir | Outpost |
| 20:45 | Encolar | Demolition Raft |
| 20:48 | Encolar | Fishing Ship |
| 20:48 | Encolar | Fishing Ship |
| 20:55 | Encolar | Fishing Ship |
| 21:13 | Investigar | Wheelbarrow |
| 21:33 | Construir | Outpost |
| 21:52 | Construir | Outpost |
| 21:54 | Edad | Edad de los Castillos |
| 21:56 | Investigar | Town Watch |
| 22:10 | Construir | Castle |
| 22:17 | Investigar | Bow Saw |
| 22:24 | Investigar | Fletching |
| 22:28 | Encolar | Villager (Male) |
| 22:28 | Encolar | Villager (Male) |
| 22:30 | Construir | Barracks |
| 22:42 | Investigar | Padded Archer Armor |
| 22:47 | Investigar | Gillnets |
| 22:50 | Encolar | Fishing Ship |
| 22:51 | Encolar | Fishing Ship |
| 22:51 | Encolar | Fishing Ship |
| 22:51 | Encolar | Fishing Ship |
| 23:16 | Investigar | War Galley (upgrade) |
| 23:26 | Construir | Outpost |
| 23:29 | Encolar | Villager (Male) |
| 23:29 | Encolar | Villager (Male) |
| 23:34 | Construir | House |
| 23:34 | Construir | House |
| 23:34 | Construir | House |
| 23:35 | Construir | House |
| 23:35 | Construir | House |
| 23:35 | Construir | House |
| 23:36 | Construir | House |
| 23:36 | Construir | House |
| 23:37 | Construir | House |
| 23:37 | Construir | House |
| 23:44 | Encolar | Villager (Male) |
| 23:45 | Encolar | Villager (Male) |
| 23:54 | Investigar | Hand Cart |
| 23:54 | Investigar | Hand Cart |
| 23:57 | Encolar | Conquistador |
| 23:57 | Encolar | Conquistador |
| 23:57 | Encolar | Conquistador |
| 24:18 | Construir | Stable |
| 24:41 | Construir | Outpost |
| 24:51 | Construir | Outpost |
| 24:53 | Encolar | Villager (Male) |
| 24:53 | Encolar | Villager (Male) |
| 24:54 | Encolar | Villager (Male) |
Build order — GADIR00th
Primeras 150 de 393 acciones detectadas
| 0:40 | Construir | Town Center |
| 1:53 | Construir | House |
| 2:43 | Construir | House |
| 3:15 | Encolar | Villager (Male) |
| 3:15 | Encolar | Villager (Male) |
| 3:16 | Encolar | Villager (Male) |
| 4:05 | Encolar | Villager (Male) |
| 4:32 | Encolar | Villager (Male) |
| 5:05 | Encolar | Villager (Male) |
| 5:26 | Encolar | Villager (Male) |
| 6:09 | Encolar | Villager (Male) |
| 6:12 | Encolar | Villager (Male) |
| 6:38 | Investigar | Loom |
| 7:01 | Encolar | Villager (Male) |
| 7:27 | Construir | Dock |
| 7:37 | Construir | House |
| 7:41 | Encolar | Villager (Male) |
| 7:55 | Encolar | Villager (Male) |
| 8:24 | Encolar | Fishing Ship |
| 8:30 | Encolar | Fishing Ship |
| 8:37 | Encolar | Villager (Male) |
| 8:43 | Construir | House |
| 9:09 | Construir | Mining Camp |
| 9:16 | Encolar | Villager (Male) |
| 9:22 | Encolar | Villager (Male) |
| 9:47 | Encolar | Villager (Male) |
| 10:03 | Encolar | Fishing Ship |
| 10:38 | Construir | House |
| 10:46 | Construir | Mill |
| 10:52 | Encolar | Villager (Male) |
| 11:25 | Encolar | Villager (Male) |
| 11:32 | Encolar | Fishing Ship |
| 11:41 | Encolar | Villager (Male) |
| 11:46 | Construir | Farm |
| 11:56 | Encolar | Fishing Ship |
| 12:08 | Encolar | Villager (Male) |
| 12:23 | Encolar | Fishing Ship |
| 12:48 | Investigar | Feudal Age |
| 12:54 | Encolar | Fishing Ship |
| 13:08 | Construir | Lumber Camp |
| 13:32 | Construir | House |
| 13:35 | Construir | House |
| 13:43 | Encolar | Villager (Male) |
| 13:44 | Encolar | Villager (Male) |
| 14:31 | Encolar | Fishing Ship |
| 14:52 | Edad | Edad Feudal |
| 15:24 | Construir | Farm |
| 15:27 | Encolar | Villager (Male) |
| 15:39 | Encolar | Fishing Ship |
| 15:55 | Construir | Barracks |
| 16:09 | Construir | Mining Camp |
| 16:12 | Encolar | Villager (Male) |
| 16:29 | Encolar | Villager (Male) |
| 16:32 | Construir | House |
| 16:47 | Encolar | Villager (Male) |
| 16:54 | Investigar | Double-Bit Axe |
| 17:00 | Encolar | Fishing Ship |
| 17:22 | Construir | Farm |
| 17:38 | Encolar | Villager (Male) |
| 18:06 | Construir | Farm |
| 18:11 | Construir | Farm |
| 18:34 | Construir | Market |
| 18:41 | Encolar | Villager (Male) |
| 19:17 | Construir | House |
| 19:39 | Construir | Blacksmith |
| 19:46 | Encolar | Villager (Male) |
| 20:00 | Construir | Farm |
| 20:06 | Encolar | Spearman |
| 20:10 | Encolar | Spearman |
| 20:24 | Investigar | Castle Age |
| 22:42 | Encolar | Villager (Male) |
| 22:42 | Encolar | Villager (Male) |
| 22:49 | Edad | Edad de los Castillos |
| 22:54 | Construir | Castle |
| 23:03 | Encolar | Villager (Male) |
| 23:03 | Encolar | Villager (Male) |
| 23:35 | Construir | Town Center |
| 24:12 | Construir | Watch Tower |
| 24:46 | Encolar | Villager (Male) |
| 24:47 | Encolar | Villager (Male) |
| 24:53 | Construir | Dock |
| 24:57 | Encolar | Villager (Male) |
| 24:57 | Encolar | Villager (Male) |
| 24:57 | Encolar | Villager (Male) |
| 25:37 | Construir | Watch Tower |
| 25:56 | Construir | Lumber Camp |
| 26:02 | Construir | House |
| 26:04 | Construir | House |
| 27:36 | Construir | Mill |
| 27:52 | Construir | Stable |
| 28:02 | Encolar | Villager (Male) |
| 28:06 | Investigar | Bow Saw |
| 28:09 | Encolar | Demolition Raft |
| 28:41 | Construir | Barracks |
| 28:45 | Construir | House |
| 28:46 | Construir | House |
| 28:48 | Construir | House |
| 28:53 | Encolar | Villager (Male) |
| 28:53 | Encolar | Villager (Male) |
| 29:00 | Encolar | Fishing Ship |
| 29:24 | Construir | Town Center |
| 29:48 | Investigar | Fletching |
| 30:03 | Construir | Mining Camp |
| 30:06 | Investigar | Squires |
| 30:15 | Encolar | Fishing Ship |
| 30:23 | Encolar | Fishing Ship |
| 30:31 | Encolar | Villager (Male) |
| 30:31 | Encolar | Villager (Male) |
| 30:34 | Construir | Farm |
| 30:37 | Construir | Farm |
| 30:41 | Construir | Farm |
| 30:44 | Construir | Farm |
| 30:46 | Encolar | Villager (Male) |
| 30:49 | Construir | Farm |
| 31:13 | Investigar | Husbandry |
| 31:21 | Construir | Stable |
| 31:30 | Encolar | Villager (Male) |
| 31:31 | Encolar | Villager (Male) |
| 31:35 | Construir | Farm |
| 31:36 | Construir | Farm |
| 31:41 | Construir | Farm |
| 31:43 | Construir | Farm |
| 31:47 | Encolar | Fishing Ship |
| 31:52 | Encolar | Fishing Ship |
| 32:00 | Investigar | Tech 906 |
| 32:06 | Construir | Farm |
| 32:22 | Encolar | Knight |
| 32:23 | Investigar | Bloodlines |
| 32:30 | Encolar | Knight |
| 32:34 | Construir | Farm |
| 32:38 | Encolar | Villager (Male) |
| 32:38 | Encolar | Villager (Male) |
| 33:01 | Encolar | Knight |
| 33:08 | Construir | House |
| 33:09 | Construir | House |
| 33:11 | Construir | House |
| 33:25 | Encolar | Knight |
| 33:33 | Construir | Blacksmith |
| 33:37 | Encolar | Villager (Male) |
| 34:05 | Encolar | Villager (Male) |
| 34:10 | Construir | Stable |
| 34:15 | Encolar | Knight |
| 34:15 | Encolar | Knight |
| 34:15 | Encolar | Knight |
| 34:28 | Encolar | Knight |
| 34:28 | Encolar | Knight |
| 34:31 | Encolar | Villager (Male) |
| 34:31 | Encolar | Villager (Male) |
| 34:31 | Encolar | Villager (Male) |
| 34:36 | Construir | Lumber Camp |
Build order — Ricardo
Primeras 150 de 229 acciones detectadas
| 0:47 | Construir | Town Center |
| 2:00 | Construir | House |
| 2:53 | Encolar | Villager (Male) |
| 2:53 | Encolar | Villager (Male) |
| 2:54 | Encolar | Villager (Male) |
| 2:54 | Encolar | Villager (Male) |
| 2:54 | Encolar | Villager (Male) |
| 4:20 | Investigar | Loom |
| 4:33 | Construir | Dock |
| 4:54 | Encolar | Villager (Male) |
| 4:55 | Encolar | Villager (Male) |
| 5:12 | Construir | House |
| 5:17 | Encolar | Fishing Ship |
| 5:17 | Encolar | Fishing Ship |
| 5:22 | Encolar | Villager (Male) |
| 5:23 | Encolar | Villager (Male) |
| 5:58 | Encolar | Villager (Male) |
| 5:58 | Encolar | Villager (Male) |
| 5:58 | Encolar | Villager (Male) |
| 6:08 | Encolar | Fishing Ship |
| 6:08 | Encolar | Fishing Ship |
| 6:36 | Encolar | Villager (Male) |
| 6:37 | Encolar | Villager (Male) |
| 6:55 | Construir | House |
| 7:00 | Encolar | Villager (Male) |
| 7:00 | Encolar | Villager (Male) |
| 7:00 | Encolar | Villager (Male) |
| 7:15 | Encolar | Villager (Male) |
| 7:16 | Encolar | Villager (Male) |
| 7:27 | Encolar | Fishing Ship |
| 7:35 | Encolar | Villager (Male) |
| 7:36 | Encolar | Villager (Male) |
| 7:36 | Encolar | Villager (Male) |
| 7:36 | Encolar | Villager (Male) |
| 8:03 | Encolar | Villager (Male) |
| 8:04 | Encolar | Villager (Male) |
| 8:16 | Construir | House |
| 8:22 | Encolar | Fishing Ship |
| 8:23 | Encolar | Fishing Ship |
| 8:26 | Encolar | Villager (Male) |
| 8:26 | Encolar | Villager (Male) |
| 8:27 | Encolar | Villager (Male) |
| 8:49 | Construir | House |
| 8:54 | Construir | House |
| 9:03 | Encolar | Villager (Male) |
| 9:40 | Encolar | Villager (Male) |
| 9:41 | Encolar | Villager (Male) |
| 10:00 | Encolar | Villager (Male) |
| 10:23 | Encolar | Fishing Ship |
| 10:23 | Encolar | Fishing Ship |
| 10:45 | Construir | Lumber Camp |
| 10:50 | Encolar | Villager (Male) |
| 11:20 | Construir | Mill |
| 11:35 | Encolar | Villager (Male) |
| 11:47 | Construir | Mill |
| 11:52 | Investigar | Feudal Age |
| 12:58 | Construir | Barracks |
| 13:00 | Construir | House |
| 13:14 | Encolar | Villager (Male) |
| 13:14 | Encolar | Villager (Male) |
| 13:21 | Encolar | Fishing Ship |
| 13:21 | Encolar | Fishing Ship |
| 13:22 | Encolar | Fishing Ship |
| 14:12 | Edad | Edad Feudal |
| 14:12 | Encolar | Villager (Male) |
| 14:16 | Encolar | Villager (Male) |
| 14:16 | Encolar | Villager (Male) |
| 14:31 | Construir | Watch Tower |
| 14:41 | Investigar | Tech 906 |
| 14:50 | Construir | Market |
| 14:55 | Investigar | Double-Bit Axe |
| 15:37 | Encolar | Villager (Male) |
| 15:47 | Construir | Blacksmith |
| 16:36 | Investigar | Castle Age |
| 16:37 | Investigar | Castle Age |
| 16:42 | Construir | House |
| 17:19 | Investigar | Fletching |
| 17:37 | Encolar | Villager (Male) |
| 17:37 | Encolar | Villager (Male) |
| 17:37 | Encolar | Villager (Male) |
| 18:24 | Construir | Archery Range |
| 18:30 | Encolar | Villager (Male) |
| 18:30 | Encolar | Villager (Male) |
| 18:38 | Construir | Dock |
| 19:05 | Encolar | Villager (Male) |
| 19:05 | Encolar | Villager (Male) |
| 19:16 | Edad | Edad de los Castillos |
| 19:49 | Construir | Town Center |
| 19:52 | Encolar | Villager (Male) |
| 19:52 | Encolar | Villager (Male) |
| 20:01 | Encolar | Cavalry Archer |
| 20:01 | Encolar | Cavalry Archer |
| 20:10 | Encolar | Cavalry Archer |
| 20:10 | Encolar | Cavalry Archer |
| 20:10 | Encolar | Cavalry Archer |
| 20:23 | Construir | Castle |
| 20:32 | Construir | House |
| 20:41 | Construir | House |
| 20:59 | Encolar | Villager (Male) |
| 20:59 | Encolar | Villager (Male) |
| 21:01 | Encolar | Villager (Male) |
| 21:02 | Encolar | Villager (Male) |
| 21:02 | Encolar | Villager (Male) |
| 21:34 | Encolar | Villager (Male) |
| 21:34 | Encolar | Villager (Male) |
| 21:50 | Encolar | Rattan Archer |
| 21:51 | Encolar | Rattan Archer |
| 21:51 | Encolar | Rattan Archer |
| 21:51 | Encolar | Rattan Archer |
| 22:03 | Construir | House |
| 22:05 | Construir | House |
| 22:43 | Encolar | Villager (Male) |
| 22:44 | Encolar | Villager (Male) |
| 22:48 | Encolar | Fire Lancer |
| 22:48 | Encolar | Fire Lancer |
| 22:48 | Encolar | Fire Lancer |
| 22:48 | Encolar | Fire Lancer |
| 22:49 | Encolar | Fire Lancer |
| 22:49 | Encolar | Fire Lancer |
| 22:49 | Encolar | Fire Lancer |
| 22:49 | Encolar | Fire Lancer |
| 22:52 | Encolar | Villager (Male) |
| 22:52 | Encolar | Villager (Male) |
| 23:24 | Encolar | Villager (Male) |
| 23:24 | Encolar | Villager (Male) |
| 23:25 | Encolar | Villager (Male) |
| 23:30 | Encolar | Rattan Archer |
| 23:31 | Encolar | Rattan Archer |
| 24:31 | Construir | Castle |
| 24:44 | Construir | Castle |
| 24:47 | Encolar | Villager (Male) |
| 24:48 | Encolar | Villager (Male) |
| 24:48 | Encolar | Villager (Male) |
| 25:41 | Construir | Siege Workshop |
| 25:46 | Construir | Barracks |
| 25:46 | Construir | Barracks |
| 25:46 | Construir | Barracks |
| 25:46 | Construir | Barracks |
| 25:50 | Construir | Lumber Camp |
| 25:53 | Encolar | Rattan Archer |
| 25:54 | Encolar | Rattan Archer |
| 25:54 | Encolar | Rattan Archer |
| 25:54 | Encolar | Rattan Archer |
| 26:16 | Construir | Mining Camp |
| 26:34 | Encolar | Rattan Archer |
| 26:34 | Encolar | Rattan Archer |
| 26:34 | Encolar | Rattan Archer |
| 26:35 | Encolar | Rattan Archer |
| 26:36 | Encolar | Villager (Male) |
| 26:36 | Encolar | Villager (Male) |
Cronología de la partida
| 1:56 | CDLP_Themachine · first_building Dock |
| 2:20 | Faceless · first_building Dock |
| 3:19 | ASV · first_building Dock |
| 4:33 | Ricardo · first_building Dock |
| 4:44 | Jum · first_building Dock |
| 5:05 | ★GGsorryGLnextime★ · first_building Dock |
| 7:27 | GADIR00th · first_building Dock |
| 8:20 | peona · first_building Dock |
| 10:13 | ASV · wall_segment Palisade Wall x1 |
| 10:14 | ASV · wall_segment Palisade Wall x1 |
| 12:30 | Jum · age_up feudal |
| 12:56 | Faceless · first_building Barracks |
| 12:58 | Ricardo · first_building Barracks |
| 13:03 | Jum · first_building Barracks |
| 14:02 | ASV · age_up feudal |
| 14:12 | Ricardo · age_up feudal |
| 14:52 | GADIR00th · age_up feudal |
| 14:54 | ★GGsorryGLnextime★ · first_building Barracks |
| 14:59 | ★GGsorryGLnextime★ · age_up feudal |
| 15:04 | Faceless · age_up feudal |
| 15:19 | CDLP_Themachine · age_up feudal |
| 15:22 | peona · wall_segment Palisade Wall x12 |
| 15:43 | ASV · first_building Barracks |
| 15:55 | GADIR00th · first_building Barracks |
| 15:59 | ★GGsorryGLnextime★ · first_building Archery Range |
| 16:11 | Ricardo · first_market_sell 100 wood |
| 16:12 | ASV · first_market_sell 100 food |
| 16:33 | Jum · first_building Stable |
| 16:55 | CDLP_Themachine · wall_segment Palisade Wall x5 |
| 17:03 | CDLP_Themachine · wall_segment Palisade Wall x13 |
| 17:34 | peona · age_up feudal |
| 17:42 | CDLP_Themachine · wall_segment Palisade Wall x10 |
| 18:12 | peona · wall_segment Stone Wall x5 |
| 18:24 | Ricardo · first_building Archery Range |
| 19:02 | peona · first_market_sell 100 food |
| 19:16 | Ricardo · age_up castle |
| 19:45 | ★GGsorryGLnextime★ · age_up castle |
| 19:51 | ASV · age_up castle |
| 20:23 | Ricardo · first_building Castle |
| 20:25 | CDLP_Themachine · first_building Barracks |
| 20:29 | ★GGsorryGLnextime★ · first_building Castle |
| 21:09 | Faceless · first_building Stable |
| 21:54 | peona · age_up castle |
| 22:10 | peona · first_building Castle |
| 22:12 | ASV · first_building Castle |
| 22:30 | peona · first_building Barracks |
| 22:34 | Faceless · age_up castle |
| 22:49 | GADIR00th · age_up castle |
| 22:54 | GADIR00th · first_building Castle |
| 23:18 | GADIR00th · first_market_buy 100 wood |
| 23:24 | GADIR00th · first_market_sell 100 food |
| 23:25 | CDLP_Themachine · first_market_sell 100 wood |
| 23:27 | CDLP_Themachine · first_market_buy 100 food |
| 23:52 | Jum · age_up castle |
| 24:18 | peona · first_building Stable |
| 24:29 | CDLP_Themachine · wall_segment Palisade Wall x1 |
| 24:30 | CDLP_Themachine · wall_segment Palisade Wall x1 |
| 24:55 | CDLP_Themachine · first_building Archery Range |
| 25:07 | CDLP_Themachine · wall_segment Palisade Wall x1 |
| 25:41 | Ricardo · first_building Siege Workshop |
| 26:06 | Faceless · first_building Siege Workshop |
| 26:23 | CDLP_Themachine · age_up castle |
| 27:24 | Jum · first_building Castle |
| 27:52 | GADIR00th · first_building Stable |
| 29:29 | ASV · wall_segment Stone Wall x1 |
| 29:43 | peona · first_building Siege Workshop |
| 30:52 | peona · age_up imperial |
| 32:04 | CDLP_Themachine · wall_segment Stone Wall x9 |
| 33:04 | ASV · first_building Stable |
| 33:51 | CDLP_Themachine · first_building Monastery |
| 34:27 | Ricardo · wall_segment Stone Wall x15 |
| 34:29 | peona · first_building Monastery |
| 35:13 | ★GGsorryGLnextime★ · age_up imperial |
| 36:02 | ASV · age_up imperial |
| 36:22 | Ricardo · resign |
| 36:40 | Jum · age_up imperial |
| 39:23 | Faceless · first_building Castle |
| 40:26 | CDLP_Themachine · first_building Siege Workshop |
| 40:41 | Jum · first_market_sell 500 wood |
| 41:58 | CDLP_Themachine · first_building Castle |
| 42:26 | CDLP_Themachine · wall_segment Stone Wall x4 |
| 42:31 | CDLP_Themachine · wall_segment Stone Wall x10 |
| 43:42 | Faceless · first_building Archery Range |
| 44:03 | Faceless · age_up imperial |
| 45:45 | CDLP_Themachine · age_up imperial |
| 46:57 | GADIR00th · first_building Siege Workshop |
| 48:01 | peona · first_market_buy 100 food |
| 49:49 | peona · first_building Archery Range |
| 51:59 | GADIR00th · first_building Archery Range |
| 53:27 | GADIR00th · age_up imperial |
| 55:19 | GADIR00th · tribute_sent a jugador 1 |
| 55:19 | GADIR00th · tribute_sent a jugador 2 |
| 55:19 | GADIR00th · tribute_sent a jugador 3 |
| 55:19 | GADIR00th · tribute_sent a jugador 4 |
| 55:19 | GADIR00th · tribute_sent a jugador 5 |
| 55:19 | GADIR00th · tribute_sent a jugador 6 |
| 55:19 | GADIR00th · tribute_sent a jugador 8 |
| 55:52 | ASV · first_market_buy 100 stone |
| 59:51 | CDLP_Themachine · wall_segment Stone Wall x5 |
| 59:54 | Jum · tribute_sent a jugador 1 |
| 59:54 | Jum · tribute_sent a jugador 2 |
| 59:54 | Jum · tribute_sent a jugador 3 |
| 59:54 | Jum · tribute_sent a jugador 5 |
| 59:54 | Jum · tribute_sent a jugador 6 |
| 59:54 | Jum · tribute_sent a jugador 7 |
| 59:54 | Jum · tribute_sent a jugador 8 |
| 62:22 | CDLP_Themachine · wall_segment Stone Wall x16 |
| 62:32 | CDLP_Themachine · wall_segment Stone Wall x12 |
| 63:03 | CDLP_Themachine · first_building Stable |
| 63:29 | CDLP_Themachine · wall_segment Palisade Wall x4 |
| 66:38 | Jum · tribute_sent a jugador 1 |
| 66:38 | Jum · tribute_sent a jugador 2 |
| 66:38 | Jum · tribute_sent a jugador 3 |
| 66:38 | Jum · tribute_sent a jugador 5 |
| 66:38 | Jum · tribute_sent a jugador 6 |
| 66:38 | Jum · tribute_sent a jugador 7 |
| 66:38 | Jum · tribute_sent a jugador 8 |
| 67:17 | CDLP_Themachine · wall_segment Stone Wall x1 |
| 67:52 | CDLP_Themachine · wall_segment Palisade Wall x19 |
[ ANÁLISIS IA · 1 CRÉDITO ]
¿Qué pasó realmente en esta partida?
Wolo.gg analiza cada decisión: build order, eco, micro, errores típicos por bracket. Análisis personalizado por WhatsApp o Discord en 30 segundos.
Guía civ
Coreanos
Perfil
CDLP_Themachine